 Dungeon Crawl Stone Soup version 0.14.1-1-g650416f (webtiles) character file.

6151 Kae the Bludgeoner (level 10, -3/77 HPs)
             Began as a Minotaur Fighter on May 1, 2014.
             Was a Priest of Okawaru.
             Slain by Heini's ghost (25 damage)
             ... on Level 10 of the Dungeon on May 2, 2014.
             The game lasted 00:11:31 (9052 turns).

Kae the Bludgeoner (Minotaur Fighter)               Turns: 9052, Time: 00:11:31

HP  -3/77        AC 16     Str 21      XL: 10   Next: 47%
MP   3/4         EV  8     Int  7      God: Okawaru [***...]
Gold 479         SH 23     Dex 11      Spells:  0 memorised,  9 levels left

rFire  . . .     SeeInvis .     b - +1,+3 mace (freeze) (curse)
rCold  . . .     Clarity  .     F - +0 scale mail
rNeg   . . .     Conserve +     c - +0 shield
rPois  +         rCorr    .     (helmet restricted)
rElec  .         rRot     .     J - +0 cloak (curse)
SustAb . .       Spirit   .     M - +0 pair of gloves
rMut   .         Warding  .     (no boots)
Saprov . . .     Stasis   .     y - cursed amulet of conservation
MR     .....                    v - +3 ring of protection
                                i - ring of poison resistance

@: heroism, not resistant to hostile enchantments, very unstealthy
A: retaliatory headbutt, horns 2, slimy green scales 1
a: Heroism, Renounce Religion


You were on level 10 of the Dungeon.
You worshipped Okawaru.
Okawaru was most pleased with you.
You were near starving.

You visited 2 branches of the dungeon, and saw 11 of its levels.
You also visited: Sewer.

You collected 479 gold pieces.

Inventory:

Hand weapons
 a - a +1,-2 flail
 b - a cursed +1,+3 mace of freezing (weapon)
Armour
 c - a +0 shield (worn)
 F - a +0 scale mail (worn)
 J - a cursed +0 cloak (worn)
 M - a +0 pair of gloves (worn)
 R - a +0 cloak
Magical devices
 E - a wand of digging (7)
 H - a wand of disintegration (9) {unknown}
 N - a wand of random effects (13) {unknown}
 O - a wand of frost (12) {unknown}
 P - a wand of lightning (5) {unknown}
Comestibles
 d - 6 bread rations
 h - 4 pears
 m - a choko
 r - 4 meat rations
 w - a lychee
 A - a royal jelly
 B - 9 cheeses
 G - a beef jerky
 Q - an apricot
Scrolls
 g - 6 scrolls of identify
 l - a scroll of teleportation
 t - 4 scrolls of remove curse
 u - a scroll of enchant armour {unknown}
 z - a scroll of fog
 I - a scroll of blinking {unknown}
 L - a scroll of recharging {unknown}
Jewellery
 i - a ring of poison resistance (left hand)
 s - an uncursed amulet of clarity
 v - a +3 ring of protection (right hand)
 y - a cursed amulet of conservation (around neck)
 K - an uncursed ring of regeneration {unknown}
Potions
 e - 3 potions of might
 f - 4 potions of heal wounds
 n - a potion of cure mutation {unknown}
 o - a potion of paralysis {unknown}
 p - 11 potions of curing
 q - a potion of flight {unknown}
 x - 3 potions of restore abilities {unknown}
 C - a potion of brilliance {unknown}
 D - a potion of haste {unknown}
Books
 j - a book of War Chants

   Spells                             Type                      Level
   Fire Brand                         Charms/Fire                  2
   Freezing Aura                      Charms/Ice                   2
   Shroud of Golubria                 Charms/Translocation         2
   Repel Missiles                     Charms/Air                   2
   Poison Weapon                      Charms/Poison                3
   Regeneration                       Charms/Necromancy            3
 k - a book of Unlife

   Spells                             Type                      Level
   Recall                             Summoning/Translocation      3
   Animate Dead                       Necromancy                   4
   Control Undead                     Necromancy                   4
   Twisted Resurrection               Necromancy                   5
   Death Channel                      Necromancy                   6
   Simulacrum                         Ice/Necromancy               6


   Skills:
 - Level 3.6(8.6) Fighting
 + Level 17.4(22.4) Maces & Flails
 - Level 3.6(8.6) Armour
 - Level 3.6(8.6) Shields


You had 9 spell levels left.
You didn't know any spells.

Dungeon Overview and Level Annotations

Branches:
Dungeon (10/15)            Temple (1/1) D:7
    Orc: D:9-12        Lair: D:8-11

Altars:
Ashenzari
Dithmenos
Elyvilon
Fedhas
Kikubaaqudgha
Nemelex Xobeh
Okawaru
Sif Muna
Trog
Vehumet
Xom
Zin

Annotations:
D:10 Heini's ghost, powerful HOFi


Innate Abilities, Weirdness & Mutations

You reflexively headbutt those who attack you in melee.
You have a pair of horns on your head.
You are partially covered in slimy green scales (AC +2).


Message History

You hit Heini's ghost.
Heini's ghost is severely damaged.
You thump Heini's ghost! You freeze Heini's ghost.
Heini's ghost is almost destroyed.
You block Heini's ghost's attack.
You barely miss Heini's ghost.
You headbutt Heini's ghost, but do no damage.
Heini's ghost is almost destroyed.
Heini's ghost says, "They lied to you.
The Dungeon just goes down and down forever."
You block Heini's ghost's attack.
You hit Heini's ghost but do no damage. Your headbutt misses Heini's ghost.
Heini's ghost is almost destroyed.
Heini's ghost hits you but does no damage.
You hit Heini's ghost.
You headbutt Heini's ghost, but do no damage.
Heini's ghost is almost destroyed.
You hit Heini's ghost.
Heini's ghost is almost destroyed.
Heini's ghost hits you!
You die...

#........#
#........
.....=.
..... ...
#'# #.#
#p# #@#
###


You could see Heini's ghost.

Vanquished Creatures
  A hydra (D:8)
  A wyvern (D:8)
  A hill giant zombie (D:8)
  2 yaks (D:8)
  4 hippogriffs
  2 orc warriors
  A sky beast (D:8)
  2 ice beasts
  A giant goldfish (D:8)
  2 water moccasins
  3 black bears
  A phantom (D:5)
  2 ogres
  3 centaurs
  4 big kobolds
  A gnoll sergeant (D:6)
  5 giant frogs
  A scorpion (D:4)
  An electric eel (D:8)
  A yak skeleton (D:7)
  11 killer bees (D:9)
  5 wights (D:6)
  A big fish (Sewer)
  2 jellies
  2 orc priests
  4 iguanas
  5 orc wizards
  2 hounds (D:5)
  2 sheep (D:8)
  2 worker ants
  2 mummies
  6 gnolls
  6 adders
  A green rat (Sewer)
  A giant mite (D:5)
  An inept feature mimic (D:7)
  3 shadow imps
  An inept item mimic (D:5)
  5 worms
  A giant eyeball (D:9)
  4 giant geckos
  An ooze (D:4)
  23 orcs
  10 goblins
  10 hobgoblins
  14 kobolds
  4 quokkas
  A ball python (D:2)
  17 bats
  3 giant cockroaches
  A giant gecko zombie (D:5)
  5 giant newts
  A hobgoblin zombie (D:5)
  12 jackals
  3 kobold skeletons
  14 rats
  A rat skeleton (D:6)
  A rat zombie (D:6)
227 creatures vanquished.

Vanquished Creatures (others)
  A rat (D:3)
1 creature vanquished.

Grand Total: 228 creatures vanquished

Notes
Turn   | Place    | Note
--------------------------------------------------------------
     0 | D:1      | Kae, the Minotaur Fighter, began the quest for the Orb.
     0 | D:1      | Reached XP level 1. HP: 19/19 MP: 1/1
   158 | D:1      | Reached XP level 2. HP: 24/26 MP: 1/1
  1056 | D:2      | Reached skill level 4 in Maces & Flails
  1146 | D:2      | Reached XP level 3. HP: 11/31 MP: 2/2
  1456 | D:2      | Gained mutation: You are partially covered in slimy green scales (AC +2). [potion of beneficial mutation]
  1846 | D:2      | Noticed a giant frog
  1850 | D:2      | Killed a giant frog
  1850 | D:2      | Reached skill level 5 in Maces & Flails
  1850 | D:2      | Reached XP level 4. HP: 39/39 MP: 2/2
  2140 | D:3      | Reached skill level 6 in Maces & Flails
  2168 | D:3      | Reached XP level 5. HP: 17/45 MP: 2/2
  2385 | D:3      | Found a shimmering altar of Xom.
  2390 | D:3      | Found a deep blue altar of Sif Muna.
  2396 | D:3      | Found a shadowy altar of Dithmenos.
  2597 | D:3      | Found a glowing silver altar of Zin.
  2597 | D:3      | Noticed an angel
  3169 | D:4      | Reached skill level 7 in Maces & Flails
  3378 | D:4      | Noticed an ogre
  3385 | D:4      | Killed an ogre
  3385 | D:4      | Reached skill level 8 in Maces & Flails
  3385 | D:4      | Reached XP level 6. HP: 6/51 MP: 3/3
  3816 | D:5      | Entered Level 5 of the Dungeon
  3929 | D:5      | Reached skill level 9 in Maces & Flails
  4069 | D:5      | Reached XP level 7. HP: 54/57 MP: 3/3
  4125 | D:5      | Found a glowing drain.
  4141 | Sewer    | Entered a sewer
  4222 | Sewer    | Reached skill level 10 in Maces & Flails
  4236 | Sewer    | Found a white marble altar of Elyvilon.
  5141 | D:6      | Found a sparkling altar of Nemelex Xobeh.
  5188 | D:6      | Reached skill level 11 in Maces & Flails
  5302 | D:6      | Reached XP level 8. HP: 60/64 MP: 3/3
  5433 | D:6      | Reached skill level 12 in Maces & Flails
  5853 | D:7      | Reached skill level 13 in Maces & Flails
  5967 | D:7      | Found a staircase to the Ecumenical Temple.
  6035 | Temple   | Entered the Ecumenical Temple
  6120 | Temple   | Became a worshipper of Warmaster Okawaru
  6464 | D:7      | Reached XP level 9. HP: 64/70 MP: 4/4
  6597 | D:8      | Reached skill level 14 in Maces & Flails
  6685 | D:8      | Acquired Okawaru's first power
  6806 | D:8      | Reached skill level 15 in Maces & Flails
  7171 | D:8      | Found a shimmering altar of Xom.
  7278 | D:8      | Reached skill level 16 in Maces & Flails
  7282 | D:8      | Reached XP level 10. HP: 68/77 MP: 4/4
  7317 | D:8      | Noticed a two-headed hydra
  7326 | D:8      | Killed a two-headed hydra
  7506 | D:9      | Paralysed by a giant eyeball for 4 turns
  7513 | D:9      | Paralysed by a giant eyeball for 2 turns
  8121 | D:9      | Reached skill level 17 in Maces & Flails
  8532 | D:10     | Entered Level 10 of the Dungeon
  8535 | D:10     | Noticed Heini's ghost (powerful HOFi)
  9052 | D:10     | Slain by Heini's ghost

Action                   |  1- 3 |  4- 6 |  7- 9 | 10-12 || total
-------------------------+-------+-------+-------+-------++-------
Melee: Flail             |    88 |   141 |   222 |       ||   451
       Mace              |     1 |       |   222 |   150 ||   373
Invok: Heroism           |       |       |       |     1 ||     1
Evoke: Wand              |       |       |       |     1 ||     1
  Use: Scroll            |     4 |     7 |     1 |       ||    12
       Potion            |     1 |       |     1 |     1 ||     3
 Stab: Distracted        |       |       |       |     2 ||     2
